 Dungeon Crawl Stone Soup version 0.14.1-26-g5a19342 (webtiles) character file.

1202 Kae the Insei (level 7, -1/52 HPs)
             Began as a Green Draconian Transmuter on July 24, 2014.
             Was a Follower of Makhleb.
             Slain by an orc wizard
             ... wielding a +0,+2 dagger
              (3 damage)
             ... on Level 6 of the Dungeon.
             The game lasted 00:08:41 (7000 turns).

Kae the Insei (Green Draconian Transmuter)          Turns: 7000, Time: 00:08:41

HP  -1/52        AC  2     Str 13      XL: 7   Next: 88%
MP   9/12        EV 19     Int 13      God: Makhleb [*.....]
Gold 260         SH  0     Dex 18      Spells:  3 memorised,  4 levels left

rFire  + . .     SeeInvis .       - Unarmed
rCold  . . .     Clarity  .     (armour unavailable)
rNeg   . . .     Conserve .     (shield currently unavailable)
rPois  x         rCorr    .     (helmet currently unavailable)
rElec  .         rRot     .     (cloak currently unavailable)
SustAb . .       Spirit   .     (gloves currently unavailable)
rMut   .         Warding  .     (boots currently unavailable)
Saprov . . .     Stasis   .     (no amulet)
MR     .....                    j - cursed ring of protection from fire
                                c - ring of teleport control

@: spider-form, quick, not resistant to hostile enchantments, unstealthy
A: (breathe noxious fumes), unfitting armour, (poison resistance), AC +6
a: End Transformation, Renounce Religion, Evoke Teleport Control


You were on level 6 of the Dungeon.
You worshipped Makhleb.
Makhleb was aware of your devotion.
You were not hungry.
You were in spider-form.
You visited 2 branches of the dungeon, and saw 7 of its levels.

You collected 260 gold pieces.

Inventory:

Missiles
 b - 12 arrows
Magical devices
 m - a wand of paralysis (7) {unknown}
 s - a wand of disintegration (23) {unknown}
Comestibles
 a - 5 bread rations
 l - 4 chunks of orc flesh
 o - 2 chokos
 p - a lychee
Scrolls
 e - a scroll of magic mapping
 f - 6 scrolls of identify
 g - 4 scrolls of fog
Jewellery
 c - a ring of teleport control (left front leg)
 j - a cursed ring of protection from fire (right front leg)
 u - an uncursed ring of poison resistance {unknown}
Potions
 h - a potion of poison {unknown}
 i - a potion of brilliance {unknown}
 k - 4 potions of curing {unknown}
 n - a potion of lignification {unknown}
 q - a potion of flight {unknown}
 t - a potion of agility {unknown}
Books
 d - a book of Changes

   Spells                             Type                      Level
   *Beastly Appendage                 Transmutation                1
   *Sticks to Snakes                  Transmutation                2
   *Spider Form                       Transmutation/Poison         3
   Ice Form                           Ice/Transmutation            4
   Blade Hands                        Transmutation                5
 r - a book of Maledictions

   Spells                             Type                      Level
   Corona                             Hexes                        1
   Sure Blade                         Hexes/Charms                 2
   Ensorcelled Hibernation            Hexes/Ice                    2
   Confuse                            Hexes                        3
   Enslavement                        Hexes                        4
   Invisibility                       Hexes                        6


   Skills:
 - Level 1.1 Fighting
 - Level 1.7 Dodging
 * Level 7.8 Unarmed Combat
 - Level 2.0 Spellcasting
 + Level 5.8 Transmutations


You had 4 spell levels left.
You knew the following spells:

 Your Spells              Type           Power        Failure   Level  Hunger
a - Beastly Appendage     Trmt           ###...       10%         1    ##.....
b - Sticks to Snakes      Trmt           ###.......   14%         2    ###....
c - Spider Form           Trmt/Pois      #.........   50%         3    ####...


Dungeon Overview and Level Annotations

Branches:
Dungeon (6/15)             Temple (1/1) D:5

Altars:
Ashenzari
Fedhas
Kikubaaqudgha
Makhleb
Nemelex Xobeh
Sif Muna
Trog
Vehumet
Xom
Yredelemnul
The Shining One

Annotations:
D:6 exclusion: wyvern


Innate Abilities, Weirdness & Mutations

((You can breathe blasts of noxious fumes.))*
((Your lurid green scales are hard (AC +6).))*
Your body does not fit into most forms of armour.
Your cold-blooded metabolism reacts poorly to cold.
((Your system is resistant to poisons.))*


Message History

You tail-slap the orc priest, but do no damage.
The orc priest is lightly wounded.
Something hits you but does no damage.
Casting: Beastly Appendage
Confirm with . or Enter, or press ? or * to list all spells.
Your talons disappear.
You turn into a venomous arachnid creature.
The orc priest looks braver.
You hear some strange, mumbled words.
The magic dart hits you!
* * * LOW HITPOINT WARNING * * *
The orc priest barely misses you. Something barely misses you.
The orc priest invokes the aid of Beogh against you.
Something smites you!
* * * LOW HITPOINT WARNING * * *
You bite the orc priest!
The orc priest is poisoned.
The orc priest is severely wounded.
Something hits you.
You die...

. . . #o. .##.# #.#
#.#.# # .o. #... .#
#.###.#####.#####
#.o............#
##s#.##....###.#.#
##########.#.##.####
#.#.# #.#
.........so#.##.#
#.#.# #.#
############.##.####
#.#.# #.# #.##....#
#.#.# #.# #.#####.#
#.#.# #.# #.# #.#
#.#.# #.# #.# ###.#
#.#.# #.#
#.###...###...# #.#
#.............##
#.#####
.####.######.#


You could see an orc priest, an orc wizard and a giant cockroach.

Vanquished Creatures
  An orc warrior (D:5)
  A water moccasin (D:6)
  Duvessa (D:5)
  A centaur (D:5)
  2 giant frogs
  A scorpion (D:6)
  Dowan (D:5)
  2 orc priests
  An orc wizard (D:6)
  A worker ant (D:5)
  2 iguanas
  A hound skeleton (D:5)
  7 adders
  A shadow imp (D:4)
  A giant mite (D:6)
  4 worms
  2 giant eyeballs (D:4)
  4 giant geckos
  3 oozes (D:2)
  7 orcs
  8 giant cockroaches
  12 goblins
  8 hobgoblins
  2 quokkas
  A ball python (D:1)
  A ball python skeleton (D:4)
  9 bats
  7 giant newts
  A goblin skeleton (D:5)
  A hobgoblin skeleton (D:4)
  14 kobolds
  A kobold skeleton (D:5)
  2 orc skeletons
  8 rats
119 creatures vanquished.

Vanquished Creatures (others)
  A bush (D:3)
1 creature vanquished.

Grand Total: 120 creatures vanquished

Notes
Turn   | Place    | Note
--------------------------------------------------------------
     0 | D:1      | Kae, the Draconian Transmuter, began the quest for the Orb.
     0 | D:1      | Reached XP level 1. HP: 16/16 MP: 3/3
   225 | D:1      | Reached XP level 2. HP: 20/23 MP: 4/4
   998 | D:2      | Reached XP level 3. HP: 23/28 MP: 4/6
  1236 | D:2      | Reached skill level 4 in Unarmed Combat
  1456 | D:2      | Reached XP level 4. HP: 35/35 MP: 7/7
  2875 | D:3      | Reached XP level 5. HP: 34/40 MP: 9/9
  3223 | D:3      | Learned a level 2 spell: Sticks to Snakes
  3227 | D:3      | Learned a level 3 spell: Spider Form
  3443 | D:4      | Reached skill level 5 in Unarmed Combat
  3623 | D:4      | Paralysed by a giant eyeball for 4 turns
  3632 | D:4      | Found a bloodstained altar of Trog.
  3914 | D:4      | Reached XP level 6. HP: 47/47 MP: 10/10
  4107 | D:5      | Entered Level 5 of the Dungeon
  4107 | D:5      | Noticed Duvessa
  4107 | D:5      | Noticed Dowan
  4528 | D:5      | Killed Duvessa
  4528 | D:5      | Reached skill level 6 in Unarmed Combat
  4536 | D:5      | Killed Dowan
  4917 | D:5      | Found a staircase to the Ecumenical Temple.
  4938 | Temple   | Entered the Ecumenical Temple
  4959 | Temple   | Became a worshipper of Makhleb the Destroyer
  5380 | D:5      | Found a blossoming altar of Fedhas.
  5498 | D:5      | Found a sparkling altar of Nemelex Xobeh.
  5639 | D:5      | Reached skill level 5 in Transmutations
  5639 | D:5      | Your scales start taking on a lurid green colour.
  5639 | D:5      | Gained mutation: Your system is resistant to poisons. [draconian maturity]
  5639 | D:5      | Reached XP level 7. HP: 39/52 MP: 10/12
  6136 | D:6      | Reached skill level 7 in Unarmed Combat
  6847 | D:6      | Acquired Makhleb's first power
  6873 | D:6      | Noticed a wyvern
  6999 | D:6      | HP: 2/52 [orc priest/divine providence (11)]
  7000 | D:6      | Slain by an orc wizard

Action                   |  1- 3 |  4- 6 |  7- 9 || total
-------------------------+-------+-------+-------++-------
Melee: Unarmed           |   175 |   317 |    79 ||   571
 Cast: Beastly Appendage |     8 |    26 |     7 ||    41
       Spider Form       |       |     3 |     4 ||     7
  Use: Potion            |     2 |     1 |       ||     3
       Scroll            |       |     8 |     1 ||     9
